 Dungeon Crawl Stone Soup version 0.19-a0-922-gae50766 (webtiles) character file.

15308 Arkorax the Cleaver (level 12, 0/120 HPs)
             Began as a Deep Dwarf Fighter on July 6, 2016.
             Was a High Priest of Makhleb.
             Slain by a komodo dragon (22 damage)
             ... on level 1 of the Lair of Beasts.
             The game lasted 00:17:26 (9857 turns).

Arkorax the Cleaver (Deep Dwarf Fighter)            Turns: 9857, Time: 00:17:27

Health: 0/120      AC: 14    Str: 24    XL:     12   Next: 0%
Magic:  11/11      EV:  8    Int: 10    God:    Makhleb [*****.]
Gold:   605        SH: 12    Dex: 12    Spells: 0 memorised, 11 levels left

rFire  . . .     SeeInvis .     P - +2 broad axe (flame)
rCold  . . .     Gourm    .     N - +3 scale mail
rNeg   + . .     Faith    .     c - +0 shield
rPois  .         Spirit   .     T - +0 helmet
rElec  .         Dismiss  .     u - +1 cloak
rCorr  .         Reflect  .     q - +0 pair of gloves
SustAt .         Harm     .     (no boots)
MR     +....                    X - amulet of rage
Stlth  ..........               (no ring)
                                H - ring of positive energy

@: non-regenerating, somewhat resistant to hostile enchantments, extremely
unstealthy
A: damage resistance, recharge devices, sense surroundings 2, slow regeneration
3
a: Device Recharging, Minor Destruction, Lesser Servant of Makhleb, Major
Destruction, Greater Servant of Makhleb, Renounce Religion, Evoke Berserk Rage


You were on level 1 of the Lair of Beasts.
You worshipped Makhleb.
Makhleb was extremely pleased with you.
You were not hungry.

You visited 3 branches of the dungeon, and saw 14 of its levels.
You also visited: Labyrinth.

You collected 709 gold pieces.
You spent 104 gold pieces at shops.

Inventory:

Hand Weapons
 B - the +4 whip "Ulahist" {flame, Dex+3}
   (You found it on level 5 of the Dungeon)

   It has been specially enchanted to burn those struck by it, causing extra
   injury to most foes and up to half again as much damage against particularly
   susceptible opponents.
   It affects your dexterity (+3).
 P - a +2 broad axe of flaming (weapon)
Armour
 c - a +0 shield (worn)
 p - a +0 large shield
 q - a +0 pair of gloves (worn)
 u - a +1 cloak (worn)
 N - a +3 scale mail (worn)
 T - a +0 helmet (worn)
Rods
 W - a +3 rod of shadows (14/14)
   (You found it in a labyrinth)
Jewellery
 H - a ring of positive energy (left hand)
 X - an amulet of rage (around neck)
Wands
 a - a wand of flame (18/48)
 e - a wand of heal wounds (5/9)
 n - a wand of iceblast (5/15)
 o - a wand of digging (17/24)
 w - a wand of polymorph (11/24)
 y - a wand of lightning (0/15)
 A - a wand of disintegration (6/24)
 G - a wand of flame (23/48)
 L - a wand of confusion (28/48)
 U - a wand of slowing (19/48)
 Z - a wand of paralysis (17/24)
Scrolls
 g - a scroll of fear
 h - a scroll of fog
 k - 4 scrolls of teleportation
 m - 2 scrolls of recharging
 t - 2 scrolls of enchant armour
 v - 2 scrolls of blinking
 I - a scroll of remove curse
 Q - a scroll of summoning
Potions
 d - 4 potions of might
 i - a potion of degeneration {unknown}
 j - 2 potions of flight
 l - 2 potions of invisibility
 r - 4 potions of ambrosia
 s - a potion of magic
 x - 2 potions of haste
 F - 4 potions of curing
 K - a potion of brilliance {unknown}
 M - 3 potions of lignification
 O - a potion of agility {unknown}
 R - a potion of cancellation {unknown}
Books
 z - a book of the Tempests

   Spells                             Type                      Level
   a - Static Discharge               Conjuration/Air              3
   b - Lightning Bolt                 Conjuration/Air              5
   c - Fireball                       Conjuration/Fire             5
   d - Tornado                        Air                          9
   e - Shatter                        Earth                        9
 E - a book of Clouds

   Spells                             Type                      Level
   a - Mephitic Cloud                 Conjuration/Poison/Air       3
   b - Conjure Flame                  Conjuration/Fire             3
   c - Poisonous Cloud                Conjuration/Poison/Air       6
   d - Freezing Cloud                 Conjuration/Ice/Air          6
   e - Ring of Flames                 Charms/Fire                  7
 J - a book of Unlife

   Spells                             Type                      Level
   a - Recall                         Summoning/Translocation      3
   b - Animate Dead                   Necromancy                   4
   c - Control Undead                 Necromancy                   4
   d - Cigotuvi's Embrace             Necromancy                   5
   e - Death Channel                  Necromancy                   6
   f - Simulacrum                     Ice/Necromancy               6
 S - Sif Muna's Disquisition on Supportive Feathers
   (You found it in a labyrinth)

   Spells                             Type                      Level
   a - Summon Guardian Golem          Hexes/Summoning              3
   b - Summon Lightning Spire         Summoning/Air                4
   c - Shadow Creatures               Summoning                    6
   d - Summon Hydra                   Summoning                    7
 V - a book of Cantrips

   Spells                             Type                      Level
   a - Confusing Touch                Hexes                        1
   b - Animate Skeleton               Necromancy                   1
   c - Summon Small Mammal            Summoning                    1
   d - Apportation                    Translocation                1
Comestibles
 b - 8 beef jerkies
 f - 4 bread rations
 C - 5 meat rations
 D - 3 slices of pizza


   Skills:
 * Level 11.1 Fighting
 * Level 13.0 Axes
 - Level 3.2 Armour
 + Level 9.9 Shields
 + Level 7.1 Invocations


You had 11 spell levels left.
You didn't know any spells.

Dungeon Overview and Level Annotations

Branches:
Dungeon (12/15)            Temple (1/1) D:4            Lair (1/6) D:10
    Orc (0/2) D:10

Altars:
Ashenzari
Cheibriados
Dithmenos
Elyvilon
Gozag
Kikubaaqudgha
Makhleb
Nemelex Xobeh
Okawaru
Pakellas
Qazlal
Trog
Zin
The Shining One

Shops:
D:6 !   D:7 (   D:11 %

Annotations:
D:12 Nergalle


Innate Abilities, Weirdness & Mutations

You are resistant to damage.
You can recharge devices by infusing magical energy.
You passively map the area around you.
You do not regenerate naturally.


Message History

You slash the komodo dragon! You burn the komodo dragon.
The komodo dragon is moderately wounded.
You hit the bush but do no damage. The komodo dragon bites you!!
* * * LOW HITPOINT WARNING * * *
You are too injured to fight recklessly!
You are too injured to fight recklessly!
You are too injured to fight recklessly!
You are too injured to fight recklessly!
You are too injured to fight recklessly!
You hit the komodo dragon but do no damage.
The komodo dragon is moderately wounded.
You slash the bush! You burn the bush! The komodo dragon bites you!
* * * LOW HITPOINT WARNING * * *
You slash the komodo dragon! You burn the komodo dragon.
The komodo dragon is heavily wounded.
You slash the bush! You burn the bush! You block the komodo dragon's attack.
You hit the komodo dragon. You burn the komodo dragon.
The komodo dragon is severely wounded.
You slash the bush! You burn the bush. The komodo dragon bites you!!
You die...

##)...####......................
##....####.#.....................
.......P####.....................
.......## ###.......P###......÷.
.......## ####..#..### ###......
........### .....#### #......#
..........# #......# ##......#
.........## *#P...## .....#..#
.........# #.@...# ......#..
......##.# ##.#l..#* ........#
#.....##.#####.##....# ........#
#.....##...#....#.....# .........
.#...†...........................
...........>.....................
.................................
....#............................
....P............................


You could see a komodo dragon.

Vanquished Creatures
  A minotaur (Lab)
  A hydra (Lair:1)
  Erica (D:8)
  An unseen horror (D:12)
  A hill giant (D:11)
  The ghost of Mulkerokala the Cleaver, a novice HuNe of Uskayaw (D:6)
  An ugly thing (D:12)
  A manticore (D:11)
  5 spiny frogs (Lair:1)
  A centaur skeleton (D:10)
  A komodo dragon (D:10)
  A troll (D:10)
  A two-headed ogre (D:10)
  8 blink frogs (Lair:1)
  A shadow (D:12)
  7 yaks
  Sigmund (D:2)
  A wyvern (D:9)
  A hippogriff (Lair:1)
  3 water moccasins
  Duvessa (D:4)
  2 orc warriors
  3 black bears
  2 ice beasts (D:7)
  A sky beast (D:5)
  A wolf (Lair:1)
  2 phantoms
  7 ogres
  3 centaurs
  3 crocodiles
  Blork the orc (D:4)
  3 big kobolds
  2 water moccasin zombies
  9 giant frogs
  Dowan (D:4)
  3 scorpions
  3 wights (D:6)
  4 howler monkeys
  5 crimson imps
  3 quasits
  A giant frog zombie (D:7)
  6 giant frog skeletons
  2 hounds
  2 jellies
  4 orc priests
  Crazy Yiuf (D:4)
  Jessica (D:2)
  3 iguanas
  Natasha (D:3)
  Terence (D:2)
  10 worker ants
  7 orc wizards
  A killer bee zombie (D:8)
  A hound zombie (D:5)
  A howler monkey zombie (D:10)
  12 adders
  6 river rats (Lair:1)
  3 shadow imps
  2 adder skeletons
  6 giant geckos
  40 orcs
  3 ball pythons
  8 bats
  2 giant cockroaches
  9 goblins
  6 hobgoblins
  10 jackals
  4 quokkas
  5 giant newts
  A jackal skeleton (D:4)
  23 kobolds
  6 rats
286 creatures vanquished.

Notes
Turn   | Place    | Note
-------+----------+-------------------------------------------
     0 | D:1      | Arkorax the Deep Dwarf Fighter began the quest for the Orb.
     0 | D:1      | Reached XP level 1. HP: 20/20 MP: 1/1
   178 | D:1      | Reached XP level 2. HP: 22/27 MP: 2/2
   307 | D:1      | Reached skill level 3 in Axes
   412 | D:1      | Reached XP level 3. HP: 19/33 MP: 3/3
   769 | D:2      | Noticed Sigmund
   780 | D:2      | Killed Sigmund
   780 | D:2      | Reached skill level 4 in Axes
   780 | D:2      | Reached XP level 4. HP: 18/44 MP: 4/4
   780 | D:2      | Reached XP level 5. HP: 20/50 MP: 5/5
   925 | D:2      | Found an iron altar of Okawaru.
   974 | D:2      | Noticed Terence
   977 | D:2      | Noticed Jessica
   984 | D:2      | Killed Terence
   997 | D:2      | Killed Jessica
   997 | D:2      | Reached XP level 6. HP: 22/57 MP: 6/6
  1556 | D:3      | Found a shadowy altar of Dithmenos.
  1731 | D:3      | Noticed Natasha
  1743 | D:3      | Killed Natasha
  1743 | D:3      | Reached skill level 5 in Axes
  2222 | D:4      | Noticed Blork the orc
  2275 | D:4      | Killed Blork the orc
  2450 | D:4      | Noticed Duvessa
  2450 | D:4      | Noticed Dowan
  2457 | D:4      | Killed Dowan
  2457 | D:4      | Reached skill level 5 in Fighting
  2457 | D:4      | Reached XP level 7. HP: 32/67 MP: 7/7
  2465 | D:4      | Killed Duvessa
  2465 | D:4      | Reached skill level 5 in Shields
  2527 | D:4      | Reached skill level 6 in Axes
  2672 | D:4      | Found a staircase to the Ecumenical Temple.
  2696 | Temple   | Entered the Ecumenical Temple
  2724 | Temple   | Became a worshipper of Makhleb the Destroyer
  2954 | D:4      | Found a glowing silver altar of Zin.
  3382 | D:4      | Found a runed door.
  3386 | D:4      | Noticed Crazy Yiuf
  3392 | D:4      | Killed Crazy Yiuf
  3392 | D:4      | Reached XP level 8. HP: 55/76 MP: 7/7
  3622 | D:5      | Entered Level 5 of the Dungeon
  3680 | D:5      | Reached skill level 7 in Axes
  3709 | D:5      | Got an encrusted whip
  3710 | D:5      | Identified the +4 whip "Ulahist" {flame, Dex+3} (You found it on level 5 of the Dungeon)
  4183 | D:5      | Found a sand-covered staircase.
  4309 | D:5      | Reached * piety under Makhleb
  4389 | D:6      | Noticed Mulkerokala's ghost (novice HuNe)
  4395 | D:6      | Reached skill level 8 in Axes
  4413 | D:6      | Killed Mulkerokala's ghost
  4413 | D:6      | Gained mutation: You passively map the area around you. [Deep Dwarf growth]
  4413 | D:6      | Reached XP level 9. HP: 66/86 MP: 7/7
  4458 | D:6      | Found Meshreen's Distillery.
  4484 | D:6      | Reached skill level 9 in Axes
  4967 | D:6      | Reached ** piety under Makhleb
  5419 | D:7      | Found Reremucw's Antique Weapon Emporium.
  5430 | D:7      | Bought a broad axe for 104 gold pieces
  5686 | D:8      | Reached skill level 10 in Axes
  6000 | D:8      | Reached *** piety under Makhleb
  6000 | D:8      | Reached XP level 10. HP: 75/98 MP: 8/8
  6249 | D:8      | Noticed Erica
  6291 | D:8      | Killed Erica
  6291 | D:8      | Reached skill level 1 in Invocations
  6390 | D:9      | Found a stormy altar of Qazlal.
  6393 | D:9      | Found an opulent altar of Gozag.
  6483 | D:9      | Reached **** piety under Makhleb
  6543 | D:9      | Found an ancient bone altar of Kikubaaqudgha.
  6733 | D:9      | Reached skill level 11 in Axes
  7133 | D:10     | Entered Level 10 of the Dungeon
  7274 | D:10     | Found a staircase to the Lair.
  7302 | D:10     | Found a shadowy altar of Dithmenos.
  7516 | D:10     | Found a staircase to the Orcish Mines.
  7723 | D:10     | Reached ***** piety under Makhleb
  7821 | D:11     | Noticed a manticore
  7831 | D:11     | Killed a manticore
  7831 | D:11     | Reached XP level 11. HP: 66/108 MP: 10/10
  7878 | D:11     | Found Reidenij's Food Shoppe.
  7940 | D:11     | Noticed a hill giant
  7948 | D:11     | Killed a hill giant
  7948 | D:11     | Reached skill level 10 in Fighting
  8965 | D:12     | Noticed a purple ugly thing
  8977 | D:12     | Killed a purple ugly thing
  8977 | D:12     | Reached skill level 5 in Invocations
  9046 | D:12     | Killed an unseen horror
  9046 | D:12     | Reached skill level 12 in Axes
  9076 | D:12     | Noticed Nergalle
  9110 | D:12     | Found a labyrinth entrance.
  9117 | Lab      | Entered a labyrinth
  9196 | Lab      | Noticed a minotaur
  9202 | Lab      | Killed a minotaur
  9208 | Lab      | Identified Sif Muna's Disquisition on Supportive Feathers
  9214 | Lab      | Got a twisted robe
  9225 | Lab      | Identified the cursed +1 robe of Listlessness {Str+3} (You took it off a minotaur in a labyrinth)
  9326 | Lair:1   | Entered Level 1 of the Lair of Beasts
  9833 | Lair:1   | Noticed a four-headed hydra
  9840 | Lair:1   | Killed a one-headed hydra
  9840 | Lair:1   | Reached skill level 13 in Axes
  9840 | Lair:1   | Reached XP level 12. HP: 59/120 MP: 11/11
  9857 | Lair:1   | Slain by a komodo dragon

Vault maps used:
D:1:      kilobyte_arrival_exit_the_forest, minivault_19
D:2:      okawaru_metal_pillars_1_2, uniq_sigmund, uniq_jessica, uniq_terence
D:3:      overflow_temple_1_default, uniq_natasha
D:4:      zin_statuary, uniq_duvessa, uniq_crazy_yiuf_cottage,
          uniq_blork_the_orc
D:5:      first_bread, enter_ossuary_5, st_stairs_5, minmay_misc_feat_square
D:6:      serial_shops, shop, lemuel_another_geyser
D:7:      serial_shops, shop
D:8:      uniq_erica
D:9:      kennysheep_mini, grunt_temple_overflow_open, grunt_ogre_cave
D:10:     lair_0_dummy, orc_0_dummy, nicolae_dithmenos_shadow_blocks
D:11:     serial_shops, shop, grunt_decor_fettered
D:12:     lab_entry_generic, uniq_snorg, uniq_nergalle
Temple:   regret_index_temple_sphere_string
Lair:1:   beast_lair_carwin_6
Lab:      labyrinth_spiral, labyrinth_fake_exit

Skill      XL: |  1  2  3  4  5  6  7  8  9 10 11 |
---------------+----------------------------------+-----
Axes           | 3 4 5 6 8 10 11 13 | 13.0
Fighting       | 3 4 5 7 8 9 11 | 11.1
Shields        | 4 5 6 7 8 9 |  9.9
Invocations    | 4 7 |  7.1
Armour         | |  3.2

Action                   |  1- 3 |  4- 6 |  7- 9 | 10-12 || total
-------------------------+-------+-------+-------+-------++-------
Melee: War axe           |   100 |   191 |   177 |       ||   468
       Hand axe          |       |       |   263 |   137 ||   400
       Broad axe         |       |       |       |   312 ||   312
Invok: Greater Servant o |       |       |       |     1 ||     1
 Abil: Device Recharging |       |       |     2 |     4 ||     6
Evoke: Wand              |       |     3 |    15 |    15 ||    33
  Use: Scroll            |       |       |    15 |    14 ||    29
       Potion            |       |       |       |     4 ||     4
  Eat: Chunk             |       |     6 |     7 |     4 ||    17
       Bread ration      |       |       |     1 |     2 ||     3
Armor: Scale mail        |    56 |    26 |    50 |   206 ||   338
       Chain mail        |       |    63 |   157 |       ||   220
Dodge: Dodged            |    41 |    32 |   120 |   131 ||   324
Block: Shield            |    61 |    93 |   237 |   296 ||   687
